 Dungeon Sprint DCSS version 0.17-a0-1951-g62301d3 (webtiles) character file.

10432 Kidiri the Unseen (level 11, -22/47 HPs)
             Began as a Spriggan Enchanter on Oct 2, 2015.
             Was the Champion of Dithmenos.
             Annihilated by a tentacle (25 damage)
             ... attached to a kraken
             ... in the Dungeon (Sprint III: "The Ten Rune Challenge").
             The game lasted 00:13:26 (3410 turns).

Kidiri the Unseen (Spriggan Enchanter)              Turns: 3410, Time: 00:13:26

Health: -22/47     AC:  3    Str:  2    XL:     11   Next: 36%
Magic:  23/29      EV: 33    Int: 18    God:    Dithmenos [******]
Gold:   52         SH:  0    Dex: 19    Spells: 6 memorised, 24 levels left

rFire  . . .     SeeInvis +     a - +1 dagger
rCold  . . .     Clarity  .     b - +1 robe
rNeg   . . .     SustAt   .     (shield restricted)
rPois  .         Gourm    .     (helmet restricted)
rElec  .         Spirit   .     (no cloak)
rCorr  .         Warding  .     (gloves unavailable)
rMut   .         NoTele   +     (boots unavailable)
MR     +....                    (no amulet)
Stlth  ++++++++..               (no ring)
                                (no ring)

@: wreathed by umbra, very quick, somewhat resistant to hostile enchantments,
extraordinarily stealthy
A: unfitting armour, antennae 1, see invisible, herbivore 3, speed 3, screaming
1, slow metabolism 2, weak 1
a: Shadow Step, Shadow Form, Renounce Religion


You were in the Dungeon.
You worshipped Dithmenos.
Dithmenos was exalted by your worship.
You were full.

You visited 1 branch You collected 52 gold pieces.

Inventory:

Hand weapons
 a - a +1 dagger (weapon)
Missiles
 c - 10 throwing nets (quivered)
Armour
 b - a +1 robe (worn)
 i - a +0 robe of cold resistance
Scrolls
 j - a scroll of blinking
 k - a scroll of enchant armour {unknown}
 m - a scroll of torment {unknown}
 o - a scroll of recharging {unknown}
 r - a scroll of immolation {unknown}
 s - 2 scrolls of remove curse
Potions
 f - a potion of might
 g - a potion of haste
 h - 2 potions of magic
 p - a potion of invisibility
 q - a potion of lignification
 t - a potion of resistance
 u - a potion of flight
Comestibles
 d - a bread ration
 l - 23 royal jellies
 n - 6 fruits


   Skills:
 * Level 12.7 Short Blades
 + Level 5.9 Armour
 * Level 15.7 Dodging
 * Level 17.2 Stealth
 * Level 13.7 Spellcasting
 + Level 5.7 Conjurations
 + Level 10.4 Hexes
 + Level 6.4 Ice Magic
 + Level 6.3 Invocations


You had 24 spell levels left.
You knew the following spells:

 Your Spells              Type           Power        Failure   Level  Hunger
a - Corona                Hex            ######.      1%          1    None
b - Ensorcelled Hibernat  Hex/Ice        #####.       1%          2    None
c - Confuse               Hex            ######..     1%          3    None
d - Tukima's Dance        Hex            ######..     1%          3    None
e - Dazzling Spray        Conj/Hex       #####...     1%          3    None
f - Apportation           Tloc           ##........   8%          1    None


Dungeon Overview and Level Annotations

Branches:
Dungeon (1/1)

Altars:
Cheibriados
Dithmenos
Elyvilon
Fedhas
Gozag
Kikubaaqudgha
Makhleb
Nemelex Xobeh
Okawaru
Qazlal
Ru
Sif Muna
Trog
Vehumet
Xom
Yredelemnul
Zin
The Shining One
Jiyva
Lugonu

Shops:
D !:[


Innate Abilities, Weirdness & Mutations

You are tiny and cannot use many weapons and most armour.
You have supernaturally acute eyesight.
You are a herbivore.
You cover ground extremely quickly.
You need consume almost no food.
You have a pair of small antennae on your head.
You occasionally shout uncontrollably at your foes.
You are weak. (Str -2)


Message History

The alligator snapping turtle completely misses you.
Unknown command.
Casting: Ensorcelled Hibernation
Confirm with . or Enter, or press ? or * to list all spells.
Aiming: Dazzling Spray
Press: ? - help, Shift-Dir - straight line, f - tentacle
Aim: a tentacle (umbra)
The spray of energy hits the tentacle.
The tentacle is moderately wounded.
The tentacle is dazzled.
The spray of energy hits the kraken.
The kraken is lightly wounded.
The spray of energy hits the plant.
The plant is lightly damaged.
The tentacle closely misses you. The tentacle slaps you!!
The tentacle completely misses you. The tentacle slaps you!!
Ouch! That really hurt!
* * * LOW HITPOINT WARNING * * *
You emit a cloud of dark smoke.
The tentacle slaps you!!
Ouch! That really hurt!
You die...

♣♣.##.#####...#....))#
♣.....##.%....#♣♣♣._)#
########'#############
{{ ▓............
▓≈≈P......P≈≈
▓≈≈≈P...P.≈≈≈
▓≈≈≈≈w..≈≈≈≈≈
▓≈≈§§w*≈≈≈≈≈≈
▓≈≈§@X≈≈≈≈≈≈≈
▓≈≈≈ww≈≈≈≈≈≈≈
▓≈≈t≈≈≈≈≈≈≈≈≈
▓≈≈≈≈t≈≈≈≈≈≈
▓≈≈≈≈≈≈≈≈≈≈≈
▓t≈≈≈≈≈≈≈≈≈≈
▓≈≈≈≈≈≈≈≈≈≈≈
▓≈≈≈......≈≈
▓≈≈..∩tφt..


You could see a kraken, an alligator snapping turtle, 2 snapping turtles and 4
tentacles.

Vanquished Creatures
  Erolcha (D)
  2 hydras (D)
  A spriggan druid (D)
  A death drake (D)
  A lindwurm (D)
  2 spiny frogs (D)
  A komodo dragon (D)
  A deep elf priest (D)
  A queen bee (D)
  3 wandering mushrooms (D)
  A shadow (D)
  4 redbacks (D)
  A snapping turtle (D)
  2 spriggans (D)
  2 trapdoor spiders (D)
  A spatial vortex (D)
  2 hill giants (D)
  A necrophage (D)
  2 brain worms (D)
  3 two-headed ogres (D)
  A water elemental (D)
  32 killer bees (D)
  An electric eel (D)
  A jelly (D)
  A necromancer (D)
  A wizard (D)
  A wolf (D)
  A kobold demonologist (D)
  3 humans (D)
  An ooze (D)
  3 rats (D)
79 creatures vanquished.

Vanquished Creatures (collateral kills)
  Maud (D)
1 creature vanquished.

Vanquished Creatures (others)
  2 draconian scorchers (D)
  2 yaktaurs (D)
  7 tentacle segments (D)
11 creatures vanquished.

Grand Total: 91 creatures vanquished

Notes
Turn   | Place    | Note
--------------------------------------------------------------
     0 | D        | Kidiri the Spriggan Enchanter began the quest for the Orb.
     0 | D        | Reached XP level 1. HP: 9/9 MP: 5/5
    13 | D        | Reached skill level 5 in Stealth
    74 | D        | Noticed a wolf
    77 | D        | Killed a wolf
    77 | D        | Reached skill level 1 in Armour
    77 | D        | Reached skill level 6 in Stealth
    77 | D        | Reached XP level 2. HP: 13/13 MP: 6/8
    77 | D        | Reached XP level 3. HP: 16/16 MP: 6/9
    97 | D        | Learned a level 2 spell: Ensorcelled Hibernation
   101 | D        | Learned a level 3 spell: Confuse
   105 | D        | Learned a level 3 spell: Tukima's Dance
   127 | D        | Reached skill level 5 in Dodging
   206 | D        | Gained mutation: You have a pair of small antennae on your head. [potion of mutation]
   206 | D        | Gained mutation: You are weak. (Str -2) [potion of mutation]
   207 | D        | Lost mutation: You are weak. (Str -2) [potion of mutation]
   207 | D        | Gained mutation: You occasionally shout uncontrollably at your foes. [potion of mutation]
   207 | D        | Gained mutation: You are weak. (Str -2) [potion of mutation]
   216 | D        | Noticed a water elemental
   219 | D        | Killed a water elemental
   219 | D        | Reached skill level 7 in Stealth
   219 | D        | Reached skill level 5 in Spellcasting
   219 | D        | Reached skill level 5 in Hexes
   219 | D        | Reached skill level 1 in Ice Magic
   219 | D        | Reached XP level 4. HP: 21/21 MP: 10/12
   241 | D        | Noticed a jelly
   242 | D        | Noticed a shadow
   263 | D        | Killed a yaktaur
   269 | D        | Killed a white draconian scorcher
   293 | D        | Learned a level 3 spell: Dazzling Spray
   310 | D        | Killed a white draconian scorcher
   454 | D        | Killed a jelly
   454 | D        | Reached XP level 5. HP: 19/24 MP: 3/14
   585 | D        | Found an iron altar of Okawaru.
   763 | D        | Killed a shadow
   763 | D        | Reached skill level 8 in Dodging
   763 | D        | Reached skill level 9 in Stealth
   763 | D        | Reached skill level 1 in Conjurations
   763 | D        | Reached XP level 6. HP: 15/28 MP: 1/17
   958 | D        | Found a glowing silver altar of Zin.
   959 | D        | Found a glowing golden altar of the Shining One.
   959 | D        | Found a white marble altar of Elyvilon.
   959 | D        | Noticed a deep elf priest
   961 | D        | Killed a deep elf priest
   961 | D        | Reached skill level 10 in Stealth
   961 | D        | Reached XP level 7. HP: 32/32 MP: 17/19
   980 | D        | Found a bloodstained altar of Trog.
   980 | D        | Noticed a human
   980 | D        | Noticed a human
   983 | D        | Killed a human
   983 | D        | Reached skill level 10 in Dodging
   983 | D        | Reached skill level 11 in Stealth
   999 | D        | Killed a human
  1029 | D        | Found a stormy altar of Qazlal.
  1030 | D        | Found a sacrificial altar of Ru.
  1030 | D        | Found a burning altar of Makhleb.
  1030 | D        | Found a viscous altar of Jiyva.
  1030 | D        | Found a shimmering altar of Xom.
  1030 | D        | Found a shadowy altar of Dithmenos.
  1030 | D        | Found a sparkling altar of Nemelex Xobeh.
  1030 | D        | Found a corrupted altar of Lugonu.
  1030 | D        | Found an opulent altar of Gozag.
  1030 | D        | Noticed a spatial vortex
  1037 | D        | Became a worshipper of Dithmenos the Shadowed
  1059 | D        | Killed a spatial vortex
  1212 | D        | Found a radiant altar of Vehumet.
  1213 | D        | Found a deep blue altar of Sif Muna.
  1213 | D        | Found an ancient bone altar of Kikubaaqudgha.
  1213 | D        | Noticed a wizard
  1218 | D        | Killed a wizard
  1219 | D        | Noticed a sixfirhy
  1240 | D        | Learned a level 1 spell: Apportation
  1264 | D        | Found a snail-covered altar of Cheibriados.
  1264 | D        | Noticed a necrophage
  1266 | D        | Noticed a necromancer
  1273 | D        | Killed a necrophage
  1273 | D        | Reached skill level 12 in Stealth
  1273 | D        | Reached skill level 1 in Invocations
  1273 | D        | Reached XP level 8. HP: 32/36 MP: 3/22
  1285 | D        | Killed a necromancer
  1286 | D        | Found a basalt altar of Yredelemnul.
  1286 | D        | Found a blossoming altar of Fedhas.
  1348 | D        | Killed a yaktaur
  1418 | D        | Noticed a two-headed ogre
  1418 | D        | Noticed a two-headed ogre
  1422 | D        | Killed a two-headed ogre
  1422 | D        | Acquired Dithmenos's first power
  1428 | D        | Killed a two-headed ogre
  1437 | D        | Noticed a two-headed ogre
  1437 | D        | Noticed a hill giant
  1440 | D        | Killed a two-headed ogre
  1442 | D        | Killed a hill giant
  1475 | D        | Noticed a hill giant
  1475 | D        | Noticed Erolcha
  1477 | D        | Killed Erolcha
  1477 | D        | Acquired Dithmenos's second power
  1477 | D        | Reached skill level 13 in Stealth
  1477 | D        | Reached skill level 10 in Spellcasting
  1477 | D        | Reached XP level 9. HP: 39/39 MP: 22/24
  1480 | D        | Killed a hill giant
  1502 | D        | Noticed a redback
  1508 | D        | Noticed a trapdoor spider
  1521 | D        | Killed a redback
  1525 | D        | Killed a trapdoor spider
  1598 | D        | Noticed a trapdoor spider
  1600 | D        | Killed a trapdoor spider
  1600 | D        | Acquired Dithmenos's third power
  1600 | D        | Reached skill level 14 in Stealth
  1645 | D        | Noticed a killer bee
  1645 | D        | Noticed a killer bee
  1645 | D        | Noticed a killer bee
  1646 | D        | Noticed a killer bee
  1646 | D        | Noticed a killer bee
  1646 | D        | Noticed a killer bee
  1646 | D        | Noticed a killer bee
  1646 | D        | Noticed a killer bee
  1646 | D        | Noticed a killer bee
  1646 | D        | Noticed a killer bee
  1646 | D        | Noticed a queen bee
  1646 | D        | Noticed a killer bee
  1646 | D        | Noticed a killer bee
  1646 | D        | Noticed a killer bee
  1646 | D        | Noticed a killer bee
  1646 | D        | Noticed a killer bee
  1646 | D        | Noticed a killer bee
  1646 | D        | Noticed a killer bee
  1646 | D        | Noticed a killer bee
  1646 | D        | Noticed a killer bee
  1646 | D        | Noticed a killer bee
  1646 | D        | Noticed a killer bee
  1646 | D        | Noticed a killer bee
  1646 | D        | Noticed a killer bee
  1646 | D        | Noticed a killer bee
  1646 | D        | Noticed a killer bee
  1646 | D        | Noticed a killer bee
  1646 | D        | Noticed a killer bee
  1646 | D        | Noticed a killer bee
  1646 | D        | Noticed a killer bee
  1646 | D        | Noticed a killer bee
  1646 | D        | Noticed a killer bee
  1646 | D        | Noticed a killer bee
  1648 | D        | Killed a killer bee
  1653 | D        | Killed a killer bee
  1655 | D        | Killed a killer bee
  1655 | D        | Reached skill level 10 in Short Blades
  1657 | D        | Killed a killer bee
  1659 | D        | Killed a killer bee
  1659 | D        | Acquired Dithmenos's fourth power
  1661 | D        | Killed a killer bee
  1663 | D        | Killed a killer bee
  1665 | D        | Killed a killer bee
  1667 | D        | Killed a killer bee
  1669 | D        | Killed a killer bee
  1671 | D        | Killed a killer bee
  1815 | D        | Killed a killer bee
  1815 | D        | Reached skill level 5 in Ice Magic
  1821 | D        | Killed a killer bee
  1823 | D        | Killed a killer bee
  1825 | D        | Killed a killer bee
  1829 | D        | Killed a killer bee
  1833 | D        | Killed a killer bee
  1835 | D        | Killed a killer bee
  1837 | D        | Killed a killer bee
  1839 | D        | Killed a queen bee
  1841 | D        | Killed a killer bee
  1992 | D        | Killed a killer bee
  1992 | D        | Reached XP level 10. HP: 44/44 MP: 21/26
  1997 | D        | Killed a killer bee
  1999 | D        | Killed a killer bee
  2001 | D        | Killed a killer bee
  2005 | D        | Killed a killer bee
  2007 | D        | Killed a killer bee
  2009 | D        | Killed a killer bee
  2013 | D        | Killed a killer bee
  2149 | D        | Killed a killer bee
  2158 | D        | Killed a killer bee
  2161 | D        | Killed a killer bee
  2163 | D        | Killed a killer bee
  2163 | D        | Reached skill level 15 in Stealth
  2230 | D        | Noticed a wandering mushroom
  2231 | D        | Noticed a wandering mushroom
  2231 | D        | Noticed a wandering mushroom
  2239 | D        | Killed a wandering mushroom
  2365 | D        | Killed a wandering mushroom
  2365 | D        | Reached skill level 5 in Armour
  2370 | D        | Killed a wandering mushroom
  2455 | D        | Noticed a spiny frog
  2455 | D        | Noticed a komodo dragon
  2455 | D        | Noticed a spiny frog
  2460 | D        | Killed a spiny frog
  2460 | D        | Reached skill level 5 in Invocations
  2462 | D        | Killed a komodo dragon
  2466 | D        | Killed a spiny frog
  2654 | D        | Noticed a redback
  2656 | D        | Killed a redback
  2657 | D        | Noticed a brain worm
  2660 | D        | Killed a brain worm
  2665 | D        | Noticed a brain worm
  2669 | D        | Killed a brain worm
  2708 | D        | Noticed a lindwurm
  2710 | D        | Noticed a redback
  2711 | D        | Killed a lindwurm
  2711 | D        | Reached skill level 16 in Stealth
  2711 | D        | Reached skill level 5 in Conjurations
  2713 | D        | Killed a redback
  2717 | D        | Noticed a redback
  2718 | D        | Killed a redback
  2719 | D        | Noticed Maud
  2736 | D        | Killed Maud
  3024 | D        | Noticed an electric eel
  3025 | D        | Noticed a seven-headed hydra
  3025 | D        | Noticed a seven-headed hydra
  3031 | D        | Killed an electric eel
  3031 | D        | Reached skill level 15 in Dodging
  3034 | D        | Killed a seven-headed hydra
  3034 | D        | Reached skill level 10 in Hexes
  3034 | D        | Reached XP level 11. HP: 47/47 MP: 19/29
  3118 | D        | Killed a seven-headed hydra
  3353 | D        | Noticed a death drake
  3357 | D        | Killed a death drake
  3366 | D        | Found a blossoming altar of Fedhas.
  3366 | D        | Noticed a spriggan
  3366 | D        | Noticed a spriggan druid
  3366 | D        | Noticed a spriggan
  3368 | D        | Killed a spriggan druid
  3368 | D        | Reached skill level 17 in Stealth
  3369 | D        | Killed a spriggan
  3370 | D        | Killed a spriggan
  3400 | D        | Noticed a snapping turtle
  3400 | D        | Noticed a kraken
  3404 | D        | Noticed a snapping turtle
  3404 | D        | Noticed an alligator snapping turtle
  3404 | D        | Noticed a snapping turtle
  3404 | D        | Noticed an alligator snapping turtle
  3404 | D        | Noticed a snapping turtle
  3404 | D        | Found Bumas's Distillery.
  3404 | D        | Found Qiloysal's Book Shop.
  3404 | D        | Found Ischiw's Antique Armour Boutique.
  3407 | D        | Killed a snapping turtle
  3410 | D        | Annihilated by a tentacle

Vault maps used:
D:        dungeon_sprint_mu

Action                   |  1- 3 |  4- 6 |  7- 9 | 10-12 || total
-------------------------+-------+-------+-------+-------++-------
Melee: Dagger            |    18 |    45 |   106 |    40 ||   209
 Cast: Confuse           |     2 |     1 |     1 |       ||     4
       Ensorcelled Hiber |     1 |     1 |    36 |    28 ||    66
       Dazzling Spray    |       |    12 |    18 |    18 ||    48
       Tukima's Dance    |       |       |       |     2 ||     2
Invok: Shadow Step       |       |       |     2 |     5 ||     7
  Use: Scroll            |     4 |       |       |       ||     4
       Potion            |     2 |     3 |       |     1 ||     6
 Stab: Sleeping          |     5 |     2 |    29 |    25 ||    61
       Confused          |     1 |       |     1 |       ||     2
       Invisible         |       |       |     3 |     2 ||     5
       Held in net/web   |       |       |     1 |       ||     1
  Eat: Royal jelly       |       |       |     1 |       ||     1
       Bread ration      |       |       |       |     1 ||     1
